 Dungeon Sprint DCSS version 0.26-a0-663-g36e8fdb655 (webtiles) character file.

Game seed: 16068403978452327077

46 mhtbhm the Digger (level 3, 0/20 HPs)
             Began as a Gargoyle Earth Elementalist on Oct 10, 2020.
             Slain by a scorpion (1 damage)
             ... in the Dungeon (Sprint III: "The Ten Rune Challenge").
             The game lasted 00:01:26 (224 turns).

mhtbhm the Digger (Gargoyle Earth Elementalist)      Turns: 224, Time: 00:01:27

Health: 0/20       AC:  6    Str: 11    XL:     3   Next: 66%
Magic:  0/8        EV: 12    Int: 16    God:
Gold:   13         SH:  0    Dex: 12    Spells: 3/9 levels left

rFire    . . .     SeeInvis .   l - +4 club
rCold    + . .     Faith    .   (no shield)
rNeg     + . .     Spirit   .   c - +0 robe
rPois    ∞         Reflect  .   (no helmet)
rElec    +         Harm     .   (no cloak)
rCorr    .         Rampage  .   (no gloves)
MR       .....     NoTele   +   a - +0 pair of boots
Stlth    +++.......             (no amulet)
HPRegen  0.06/turn              (no ring)
MPRegen  0.11/turn              (no ring)

@: berserk cooldown, slowed, very slow
A: thin skeletal structure 1, cold resistance 1, negative energy resistance 1,
robust 1, electricity resistance, unbreathing, evolution 1, petrification
resistance, rot immunity, subdued magic 1, AC +3
a: no special abilities


You were in the Dungeon.
You visited 1 branch You collected 13 gold pieces.

Inventory:

Hand Weapons
 l - a +4 club (weapon)
Missiles
 b - 18 stones (quivered)
Armour
 a - a +0 pair of boots (worn)
 c - a +0 robe (worn)
Scrolls
 i - a scroll of blinking
 j - 2 scrolls of identify {unknown}
 m - a scroll of holy word {unknown}
 n - 3 scrolls of remove curse
 q - a scroll of torment {unknown}
 r - a scroll of amnesia {unknown}
Potions
 d - a potion of curing
 e - a potion of heal wounds
 f - a potion of haste
 g - 2 potions of magic
 k - a potion of mutation
 o - a potion of stabbing {unknown}
 p - 3 potions of flight


   Skills:
 + Level 0.1 Maces & Flails
 + Level 2.5 Dodging
 + Level 3.1 Stealth
 + Level 3.6 Spellcasting
 + Level 0.8 Transmutations
 + Level 7.0 Earth Magic


You had 3 spell levels left.
You knew the following spells:

 Your Spells              Type           Power        Failure   Level
a - Sandblast             Erth           ###...       1%          1
b - Passwall              Tmut/Erth      ##......     4%          2
c - Stone Arrow           Conj/Erth      ##....       10%         3

Your spell library contained the following spells:

 Spells                   Type           Power        Failure   Level
 Lee's Rapid Deconstruct  Erth           ###.......   22%         5
 Petrify                  Tmut/Erth      ##......     30%         4


Dungeon Overview and Level Annotations

Branches:
Dungeon (1/1)

Altars:


Innate Abilities, Weirdness & Mutations

You are resistant to torment.
Your stone body is resilient. (AC +3)
You are immune to poison.
You resist negative energy. (rN+)
You are resistant to electric shocks. (rElec)
You can survive without breathing.
You are immune to petrification.
You are immune to rotting.
You have a somewhat thin skeletal structure. (Dex +2, Stealth)
Your flesh is cold resistant. (rC+)
You are robust. (+10% HP)
You evolve.
Your spells are a little easier to cast, but a little less powerful.


Message History

You barely miss the scorpion.
The scorpion is severely wounded.
The scorpion closely misses you.
Unknown command.
You barely miss the scorpion.
The scorpion is severely wounded.
You are no longer berserk.
You are exhausted.
You feel yourself slow down.
Unknown command.
Casting: Sandblast (safe; 1% risk of failure)
Confirm with . or Enter, or press ? or * to list all spells.
Aiming: Sandblast (safe; 1% risk of failure)
Press: ? - help, Shift-Dir - straight line, f - scorpion
Aim: a scorpion (severely wounded)
The blast of sand hits the scorpion.
The scorpion is almost dead.
b - 18 stones The scorpion closely misses you.
The scorpion stings you.
You die...

▓▓▓▓▓▓▓▓▓
▓<..#...####
▓...#......#####
▓..##.......#..#
▓##.##[##...#.@# .#
##.##.###..##s#..#
▓#.####.##..###...+
▓.###..##..## #...#
▓#.....##..# #....#
###..##...##.....#
##..##....#......#
#..###..##.# ...#
#..# #.. ### ...#


You could see a scorpion.

Vanquished Creatures
  Jessica (D)
  A human (D)
  3 rats (D)
5 creatures vanquished.

Notes
Turn   | Place    | Note
-------+----------+-------------------------------------------
     0 | D        | mhtbhm the Gargoyle Earth Elementalist began the quest for
                  | the Orb.
     0 | D        | Reached XP level 1. HP: 10/10 MP: 3/3
    10 | D        | Reached skill level 4 in Earth Magic
    62 | D        | Noticed Jessica
    77 | D        | Killed Jessica
    77 | D        | Reached skill level 6 in Earth Magic
    77 | D        | Reached XP level 2. HP: 15/15 MP: 0/6
    77 | D        | Reached XP level 3. HP: 19/19 MP: 0/7
   165 | D        | Learned a level 2 spell: Passwall
   169 | D        | Learned a level 3 spell: Stone Arrow
   194 | D        | Gained mutation: You occasionally shout uncontrollably at
                  | your foes. [potion of mutation]
   194 | D        | Gained mutation: Your spells are a little easier to cast,
                  | but a little less powerful. [potion of mutation]
   194 | D        | Gained mutation: You are frail. (-10% HP) [potion of
                  | mutation]
   194 | D        | Gained mutation: You have sharp toenails. [potion of
                  | mutation]
   195 | D        | Lost mutation: You occasionally shout uncontrollably at
                  | your foes. [potion of mutation]
   195 | D        | Lost mutation: You are frail. (-10% HP) [potion of
                  | mutation]
   195 | D        | Lost mutation: You have sharp toenails. [potion of
                  | mutation]
   195 | D        | Lost mutation: Your spells are a little easier to cast, but
                  | a little less powerful. [potion of mutation]
   195 | D        | Gained mutation: You have large cloven feet. [potion of
                  | mutation]
   195 | D        | Gained mutation: You have a pair of small horns on your
                  | head. [potion of mutation]
   196 | D        | Lost mutation: You have large cloven feet. [potion of
                  | mutation]
   196 | D        | Lost mutation: You have a pair of small horns on your head.
                  | [potion of mutation]
   196 | D        | Gained mutation: Your body sometimes deteriorates upon
                  | taking damage. [potion of mutation]
   196 | D        | Gained mutation: Your spells are a little easier to cast,
                  | but a little less powerful. [potion of mutation]
   196 | D        | Gained mutation: You are covered in fur. (AC +1) [potion of
                  | mutation]
   197 | D        | Lost mutation: Your body sometimes deteriorates upon taking
                  | damage. [potion of mutation]
   197 | D        | Lost mutation: You are covered in fur. (AC +1) [potion of
                  | mutation]
   197 | D        | Gained mutation: You have a somewhat thin skeletal
                  | structure. (Dex +2, Stealth) [potion of mutation]
   197 | D        | Gained mutation: You are robust. (+10% HP) [potion of
                  | mutation]
   197 | D        | Gained mutation: You evolve. [potion of mutation]
   197 | D        | Gained mutation: Your flesh is cold resistant. (rC+)
                  | [potion of mutation]
   204 | D        | Noticed a scorpion
   216 | D        | Reached skill level 7 in Earth Magic
   224 | D        | Slain by a scorpion

Illustrated notes

Levels and vault maps discovered:
D:        dungeon_sprint_mu [sprint_mu_entry_cave, sprint_mu_temple_rooms,
          sprint_mu_d1_spiders, sprint_mu_d2_genie, sprint_mu_d3_branching,
          sprint_mu_orc_legion, sprint_mu_elf_gauntlet, sprint_mu_hive_nellie,
          sprint_mu_lair_fedhas, sprint_mu_vaults_butterflies,
          sprint_mu_slime_circle, sprint_mu_shoals_archi,
          sprint_mu_snake_twists, sprint_mu_blade_basic, sprint_mu_crypt_lich,
          sprint_mu_tomb_spiral, sprint_mu_vestibule_basic,
          sprint_mu_gehenna_hellfire, sprint_mu_dis_giant,
          sprint_mu_tartarus_statrot, sprint_mu_cocytus_islands, sprint_mu_zot1]

Skill      XL: |  1  2  3 |
---------------+----------+-----
Earth Magic    | 6 7 |  7.0
Dodging        | 2 |  2.5
Spellcasting   | 3 |  3.6
Stealth        | 3 |  3.1
Maces & Flails | |  0.1
Transmutations | |  0.8

Action                   || total
-------------------------++-------
Melee: Unarmed           ||     1
       Club              ||    11
 Cast: Sandblast         ||    12
       Stone Arrow       ||     1
       Passwall          ||     1
  Use: Potion            ||     5
Armor: Robe              ||     2
Dodge: Dodged            ||     8

Table legend: (Time is in decaauts)
 A = Elapsed time spent in this place.
 B = Non-inter-level travel time spent in this place.
 C = Inter-level travel time spent in this place.
 D = Time resting spent in this place.
 E = Time spent auto-exploring this place.
 F = Levels seen in this place.
 G = Mean time per level.
                   A        B        C        D        E       F      G
               +--------+--------+--------+--------+--------+-----+--------+
         Total |    221 |    221 |      0 |     89 |     21 |   1 |  221.0 |
       Dungeon |    221 |    221 |      0 |     89 |     21 |   1 |  221.0 |
               +--------+--------+--------+--------+--------+-----+--------+

Top non-repeatable levels by time:
       D: 221 daAuts
